Map: Traitor's Exile

Players

OpuS

  • Race: Protoss Protoss
  • League: Platinum
  • Spawn Location: 9:00

Sketchaphone

  • Race: Zerg Zerg
  • League: Platinum
  • Spawn Location: 12:00

GlaDe - Winner!

  • Race: Protoss Protoss
  • League: Master
  • Spawn Location: 5:00

Swarmonomics - Winner!

  • Race: Zerg Zerg
  • League: Master
  • Spawn Location: 6:00

VOD

Have the link to the VOD?

Description

Time

  • Played on: Feb. 16, 2019, 11:17 p.m.
  • Length: 6:35
Show
View Real Time Build Order
Export as new Build Order

OpuS Protoss 

Build Orders:  

Get SALT Encoding   

  12  0:01  Probe  
  13  0:13  Probe  
  14  0:21  Pylon  
  14  0:25  Probe  
  15  0:38  Probe  
  16  0:43  Gateway  
  16  0:46  Probe  
  16  0:57  Probe  
  18  1:09  Gateway  
  18  1:10  Probe  
  18  1:13  Assimilator  
  18  1:18  Pylon, Probe  
  20  1:30  Zealot  
  22  1:39  Probe  
  23  1:45  Cybernetics Core  
  23  1:48  Assimilator  
  23  1:51  Probe  
  24  1:56  Zealot  
  26  2:04  Probe  
  26  2:11  Warp Gate  
  26  2:14  Zealot  
  28  2:16  Probe  
  26  2:38  Adept, Probe  
  26  2:40  Adept  
  31  2:44  Pylon  
  31  2:47  Probe  
  30  3:03  Robotics Facility  
  30  3:13  Pylon  
  30  3:16  Stalker  
  30  3:18  Stalker  
  34  3:25  Pylon  
  34  3:47  Immortal  
  38  3:59  Stalker x2  
  42  4:07  Gateway  
  42  4:20  Pylon  
  42  4:23  Zealot x2  
  46  4:42  Immortal  
  42  5:04  Zealot  
  42  5:05  Zealot x2  
  38  5:21  Immortal  
  40  5:32  Gateway  
  38  5:44  Zealot x2  
  38  5:47  Zealot  
  34  6:15  Zealot  
  34  6:16  Zealot x2  
Show
View Real Time Build Order
Export as new Build Order

Sketchaphone Zerg 

Build Orders: Hatch First 

Get SALT Encoding   

  12  0:01  Drone  
  13  0:13  Overlord  
  13  0:19  Drone  
  14  0:31  Drone x2  
  14  0:35  Drone  
  17  0:57  Hatchery  
  17  1:04  Drone  
  17  1:14  Spawning Pool  
  17  1:16  Drone  
  17  1:21  Extractor  
  16  1:38  Drone  
  16  1:39  Drone x2  
  19  2:01  Overlord  
  19  2:02  Queen  
  21  2:10  Spine Crawler  
  20  2:18  Zergling x4  
  20  2:21  Spine Crawler  
  22  2:32  Zergling x2  
  22  2:36  Spine Crawler  
  23  2:38  Zergling x2  
  23  2:39  Zergling x2  
  23  2:42  Metabolic Boost, Drone  
  25  2:47  Zergling x2  
  23  3:00  Roach Warren, Zergling x2  
  25  3:16  Spine Crawler  
  25  3:18  Spine Crawler  
  21  3:20  Queen  
  23  3:28  Zergling x2  
  23  3:29  Overlord  
  24  3:54  Overlord  
  16  4:10  Roach x2  
  16  4:11  Roach  
  16  4:13  Roach x2  
  25  4:22  Roach  
  9  5:00  Drone  
  7  5:51  Drone  
Show
View Real Time Build Order
Export as new Build Order

GlaDe Protoss - Winner!

Build Orders:  

Get SALT Encoding   

  12  0:02  Probe  
  13  0:14  Probe  
  13  0:19  Pylon  
  14  0:26  Probe  
  15  0:39  Gateway  
  15  0:42  Probe  
  15  0:43  Assimilator  
  16  0:53  Probe  
  16  0:54  Pylon  
  17  1:05  Probe  
  18  1:14  Assimilator  
  18  1:17  Probe  
  19  1:25  Zealot  
  19  1:31  Cybernetics Core  
  19  1:36  Probe  
  22  1:48  Probe  
  23  2:00  Probe  
  24  2:18  Stalker  
  24  2:19  Probe  
  25  2:46  Warp Gate  
  25  2:51  Robotics Facility  
  25  2:52  Stalker  
  27  3:01  Probe  
  28  3:06  Gateway  
  28  3:17  Gateway  
  28  3:19  Pylon  
  28  3:20  Stalker  
  28  3:32  Pylon  
  30  3:45  Immortal  
  34  3:53  Pylon  
  33  4:29  Immortal  
  31  5:03  Immortal  
  31  5:05  Stalker x3  
  37  5:10  Probe  
  37  5:14  Pylon  
  42  5:34  Pylon  
  42  5:40  Immortal  
  42  5:46  Zealot x2  
  42  5:47  Sentry  
  52  5:56  Pylon  
  50  6:18  Stalker  
  50  6:19  Sentry  
  50  6:23  Sentry  
Show
View Real Time Build Order
Export as new Build Order

Swarmonomics Zerg - Winner!

Build Orders: Hatch First 

Get SALT Encoding   

  12  0:01  Drone  
  13  0:14  Overlord  
  13  0:28  Drone  
  14  0:42  Drone x2  
  16  0:55  Hatchery  
  15  0:59  Drone  
  15  1:02  Drone  
  17  1:13  Extractor  
  17  1:19  Spawning Pool  
  17  1:25  Drone x2  
  18  1:35  Drone  
  19  1:42  Overlord  
  19  2:06  Queen  
  21  2:10  Zergling x6  
  21  2:11  Zergling x2  
  21  2:15  Spine Crawler  
  24  2:25  Zergling x2  
  25  2:30  Zergling x4  
  27  2:42  Zergling x2  
  24  2:53  Queen, Zergling x4  
  28  3:06  Zergling x6  
  28  3:10  Zergling x2  
  32  3:21  Zergling x2  
  33  3:36  Zergling x2  
  34  3:45  Zergling x2  
  32  4:06  Zergling x4  
  31  4:15  Zergling x2  
  32  4:22  Zergling x8  
  35  4:30  Overlord  
  29  4:57  Zergling x6  
  20  5:12  Drone, Hatchery  
  20  5:22  Drone x2  
  20  5:23  Drone  
  20  5:24  Hatchery  
  22  5:33  Drone x2  
  24  5:45  Zergling x2  
  24  5:47  Queen  
  24  5:48  Extractor  
  24  5:49  Extractor  
  25  6:07  Drone x2  
  26  6:13  Hatchery  
  26  6:16  Drone  
Tags
 
Add a new tag
Caveats
  • Supply blocks, unpowered buildings, or Contaminate may cause inaccurate times.
  • Supply counts are checked every 10 seconds.